klose, lawful female human Valkyrie --- --.-- --.----- ---...-----..(.|.-- ---- |.......|.........- |..| |....(..........G@. |..-----......<......... |....................... ---..---....---------... |.........| |-.. ----.......---------^.. --.--........||......... |......)---..--..|..... -----.|.*.--....----... -----.---..-- ---. |...|..| ---.|.-- |...-- ---..| |..| ---- klose the Fighter Experience level: 7 Strength: 18 Dexterity: 16 Constitution: 18 Intelligence: 7 Wisdom: 8 Charisma: 8 Health: 0(75) Energy: 14(18) AC: 10 Gold: 358 Moves: 2155 Your Inventory: Coins $ - 358 gold pieces Weapons a - an uncursed +1 long sword (weapon in hand) b - an uncursed +0 dagger Armor j - an uncursed [+0] faded pall [elven cloak] k - an [uncursed +0] orcish helm t - an [uncursed +0] piece of cloth [cloak of invisibility] Comestibles d - 3 uncursed food rations g - an [uncursed] cream pie i - 2 [uncursed] lichen corpses l - 2 [uncursed] slime molds r - an [uncursed] tripe ration Scrolls h - an [uncursed] scroll labeled PHOL ENDE WODAN [of fire] p - an [uncursed] scroll labeled HZLRC KSTSBD MPFNG [of teleportation] Potions m - an [uncursed] clear potion [of water] n - an [uncursed] magenta potion [of extra healing] o - an [uncursed] murky potion [of object detection] w - an [uncursed] amber potion [of full healing] Rings s - an [uncursed] mithril ring [of warning] Tools e - an [uncursed] expensive camera [0:92] f - an [uncursed] tin opener v - an [uncursed] blindfold Spells known in the end: Name Level Category Fail Memory Your skills at the end: Fighting Skills Weapon Skills dagger [Basic / Expert] long sword [Basic / Expert] Spellcasting Skills Final Attributes: You were devoutly aligned. Hunger level was 92. Your alignment was 19 / 20. Monster difficulty range was 0 - 6. Level difficulty was 5. You were immune to cold. You were telepathic. You were stealthy. You were fast. Your luck was zero. You are dead. Vanquished creatures: a rock piercer a shrieker a violet fungus 2 gnome lords 2 gray oozes 2 giant ants a floating eye a kitten a dwarf 4 hill orcs a rothe 2 iguanas 2 killer bees 5 coyotes a gas spore a hobbit a large kobold 2 giant rats a cave spider a yellow mold a green mold 12 gnomes a gnome zombie 2 jackals 2 foxes a goblin 2 grid bugs 5 lichens a kobold zombie 2 newts 62 creatures vanquished. Voluntary challenges: You were illiterate. You used a wielded weapon 69 times. You put on armor 1 time. You never genocided any monsters. You never polymorphed an object. You never changed form. You used no wishes. You never wrote Elbereth's name. You never encountered a bones level. You never used any Sokoban shortcuts. Dungeon overview: The Dungeons of Doom: levels 1 to 5 Level 1 a long staircase Level 2 a music store, a sink Level 3 an altar, a fountain stairs to The Gnomish Mines Level 4 a sink Level 5 some fountains The Gnomish Mines: levels 4 to 5 Level 4 stairs to The Dungeons of Doom Level 5 <- You were here History has recorded: On T:1 you entered the Dungeons of Doom to retrieve the Amulet of Yendor! On T:334 you reached level 2 of The Dungeons of Doom. On T:516 you advanced to experience level 2. On T:586 you advanced to experience level 3. On T:592 you reached level 3 of The Dungeons of Doom. On T:704 you advanced to experience level 4. On T:1022 you reached level 4 of The Dungeons of Doom. On T:1318 you advanced to experience level 5. On T:1498 you reached level 5 of The Dungeons of Doom. On T:1534 you advanced to experience level 6. On T:1971 you reached level 1 of The Gnomish Mines. On T:1976 you advanced to experience level 7. On T:2033 you reached level 2 of The Gnomish Mines. Latest messages: [HP+1=62] You hear a nearby zap. The wand hits you! [HP-16=46] You hear a nearby zap. The wand hits you! [HP-13=33] [HP+1=34] You hear a nearby zap. The wand hits you! [HP-6=28] You see here a leash. [HP+1=29] You hear a nearby zap. The wand hits you! [HP-15=14] You hear a nearby zap. The wand hits you! Valkyrie is about to die. [HP-13=1] [HP+1=2] The gnome hits! You die... Final status: Farvel klose the Valkyrie... You died in The Gnomish Mines on dungeon level 5 with 1231 points, and 358 pieces of gold, after 2155 moves. You were level 7 with a maximum of 75 hit points when you died.